 Dungeon Crawl Stone Soup version 0.26.1-11-gd32895ea62 (webtiles) character file.

Game seed: 17657714382669717784

333 Gerhazo the Conjurer (level 6, -8/45 HPs)
             Began as a Draconian Conjurer on June 3, 2021.
             Was a Follower of Vehumet.
             Mangled by Pikel
             ... wielding a +0 whip of electrocution
              (19 damage)
             ... on level 4 of the Dungeon.
             The game lasted 00:05:19 (4325 turns).

Gerhazo the Conjurer (Draconian Conjurer)           Turns: 4325, Time: 00:05:20

Health: -8/45      AC:  9    Str: 15    XL:     6   Next: 27%
Magic:  1/11       EV: 12    Int: 21    God:    Vehumet [*.....]
Gold:   195        SH:  0    Dex:  9    Spells: 9/12 levels left

rFire    . . .     SeeInvis .   q - +3 short sword
rCold    . . .     Faith    .   (no shield)
rNeg     . . .     Spirit   .   (armour unavailable)
rPois    .         Reflect  .   (helmet restricted)
rElec    .         Harm     .   o - +2 cloak
rCorr    .         Rampage  .   (no gloves)
Will     .....                  (no boots)
Stlth    +++.......             (no amulet)
HPRegen  0.15/turn              b - ring of stealth
MPRegen  0.12/turn              j - +6 ring of strength

@: no status effects
A: unfitting armour, cold-blooded, AC +6
a: Renounce Religion


You were on level 4 of the Dungeon.
You worshipped Vehumet.
Vehumet was aware of your devotion.
You visited 1 branch of the dungeon, and saw 4 of its levels.

You collected 195 gold pieces.

Inventory:

Hand Weapons
 q - a +3 short sword (weapon)
Armour
 o - a +2 cloak (worn)
Jewellery
 b - a ring of stealth (left hand)
 j - a +6 ring of strength (right hand)
Scrolls
 a - 7 scrolls of teleportation {unknown}
 c - a scroll of remove curse {unknown}
 f - 5 scrolls of identify {unknown}
 g - a scroll of noise {unknown}
 p - a scroll of amnesia {unknown}
Potions
 d - 2 potions of curing {unknown}
 e - a potion of heal wounds {unknown}
 h - 2 potions of mutation {unknown}
 i - a potion of might {unknown}
 k - a potion of attraction {unknown}
 l - a potion of degeneration {unknown}
 m - a potion of haste {unknown}
 r - a potion of magic {unknown}
 s - a potion of brilliance {unknown}


   Skills:
 - Level 1.7 Dodging
 - Level 1.7 Stealth
 + Level 3.8 Spellcasting
 * Level 6.6 Conjurations


You had 9 spell levels left.
You knew the following spells:

 Your Spells              Type           Power        Failure   Level
a - Magic Dart            Conj           100%         1%          1
b - Searing Ray           Conj           64%          1%          2

Your spell library contained the following spells:

 Spells                   Type           Power        Failure   Level
 Freeze                   Ice            16%          12%         1
 Dazzling Flash           Conj/Hex       36%          10%         3
 Fulminant Prism          Conj/Hex       9%           30%         4
 Iskenderun's Mystic Bla  Conj/Tloc      18%          30%         4


Dungeon Overview and Level Annotations

Branches:
Dungeon (4/15)
 Temple: D:4-7

Altars:
Cheibriados
Okawaru
Ru
Vehumet
Yredelemnul

Annotations:
D:4 Pikel


Innate Abilities, Weirdness & Mutations

Your plain brown scales are hard. (AC +6)
You cannot fit into any form of body armour.
You are cold-blooded and may be slowed by cold attacks.


Message History

You closely miss the lemure.
The lemure is almost dead.
The lemure closely misses you. x2
You hit the lemure but do no damage.
The lemure is almost dead.
The lemure misses you. The lemure hits you but does no damage.
You completely miss the lemure.
The lemure is almost dead.
Pikel says, "You'll feel the lick of my whip!"
The lemure misses you.
You closely miss the lemure.
The lemure is almost dead.
The lemure hits you but does no damage.
Pikel hits you with a +0 whip of electrocution.
* * * LOW HITPOINT WARNING * * *
As you read the scroll labelled UBUVUYMECEE, it crumbles to dust.
You feel aware of your surroundings.
It was a scroll of magic mapping.
The lemure barely misses you. Pikel hits you but does no damage.
You are electrocuted!!
You die...

# *****##.....,,,,,,,,,*,* #
*,,,,..K....######**,*,* #
*,,,,...!........#,,,*,*
#****,,,,...5....###.#,***,*
#*,,+,,,,..#####.# #.#,,,,,*
#*,**,,,,,,* #5###.####***
#*,**,,,,,,* #5#......#
.,,**,,,,,,*** #K#.#.##.#
#######*,,,,,* #@5....#.#######
#.....#*,***,**###.#..#.......#
#.....#*,,,,,*,,,#.#.†#######.#
'.....#*,**,,*,*,#.#..........#
#.....##...,,*,*,#.#....#######
...........,**,*,#.####(#
###.####.#,,,*,*,#.# #.# #
#.#.##,*,,,,,*,#.####.#
###.#..,,***,,,*,*,#....#


You could see Pikel and 3 lemures.

Vanquished Creatures
  An ogre (D:4)
  A lemure (D:4)
  A scorpion (D:4)
  An orc priest (D:3)
  An iguana (D:4)
  5 adders
  An ooze (D:1)
  4 worms
  2 dart slugs
  A leopard gecko (D:1)
  6 orcs (D:3)
  A ball python (D:2)
  8 bats
  5 giant cockroaches
  9 goblins
  8 hobgoblins
  3 jackals (D:2)
  A kobold (D:2)
  2 quokkas
  7 frilled lizards
  5 rats
73 creatures vanquished.

Notes
Turn   | Place    | Note
-------+----------+-------------------------------------------
     0 | D:1      | Gerhazo the Draconian Conjurer began the quest for the Orb.
     0 | D:1      | Reached XP level 1. HP: 14/14 MP: 3/3
   282 | D:1      | Reached XP level 2. HP: 20/20 MP: 1/5
  1140 | D:1      | Reached XP level 3. HP: 26/26 MP: 2/6
  1378 | D:1      | Learned a level 2 spell: Searing Ray
  1547 | D:2      | Reached skill level 5 in Conjurations
  1636 | D:2      | Found a snail-covered altar of Cheibriados.
  1668 | D:3      | Found a radiant altar of Vehumet.
  1676 | D:3      | Became a worshipper of Vehumet
  1782 | D:2      | Found a sacrificial altar of Ru.
  1858 | D:2      | Reached XP level 4. HP: 33/33 MP: 3/8
  2892 | D:3      | Reached XP level 5. HP: 38/38 MP: 4/9
  2975 | D:3      | Found a faded altar of an unknown god.
  2999 | D:3      | Found an iron altar of Okawaru.
  3339 | D:3      | Reached * piety under Vehumet
  3339 | D:3      | Offered knowledge of Freeze by Vehumet.
  3823 | D:4      | Reached skill level 6 in Conjurations
  4008 | D:4      | Found a basalt altar of Yredelemnul.
  4036 | D:4      | Noticed an ogre
  4039 | D:4      | Killed an ogre
  4040 | D:4      | Reached XP level 6. HP: 45/45 MP: 6/11
  4106 | D:4      | Noticed Pikel
  4325 | D:4      | Mangled by Pikel

Illustrated notes

Levels and vault maps discovered:
D:1:      psy_arrival_dodecagon, layout_basic
D:2:      layout_basic, cheibriados_altar_1, overflow_temple_1_default,
          minmay_ruptured
D:3:      minmay_wonky_spiral, layout_basic, lemuel_crystal_altar,
          okawaru_ov_weapons_minmay, chequers_ecumenical_altar_island,
          minmay_misc_feat_more_columns, kennysheep_crisscross
D:4:      layout_basic, yredelemnul_altar_generic,
          hangedman_abyss_or_decor_passed, bh_walls_and_bars, uniq_pikel

Skill      XL: |  1  2  3  4  5 |
---------------+----------------+-----
Conjurations   | 5 6 |  6.6
Spellcasting   | 3 |  3.8
Dodging        | |  1.7
Stealth        | |  1.7

Action                   |  1- 3 |  4- 6 || total
-------------------------+-------+-------++-------
Melee: Dagger            |    14 |     5 ||    19
       Tailslap          |     2 |     3 ||     5
       Short sword       |       |     9 ||     9
 Cast: Magic Dart        |    43 |     1 ||    44
       Searing Ray       |    11 |    39 ||    50
  Use: Scroll            |       |     1 ||     1
Armor: Skin              |     5 |    20 ||    25
Dodge: Dodged            |    18 |    35 ||    53
